 Dungeon Crawl Stone Soup version 0.22-a0-614-g34fbaa0 (webtiles) character file.

120 Krakonus1 the Skirmisher (level 4, -1/37 HPs)
             Began as a Demonspawn Chaos Knight on July 18, 2018.
             Slain by a wolf (7 damage)
             ... on level 3 of the Dungeon on July 19, 2018.
             The game lasted 00:11:55 (1921 turns).

Krakonus1 the Skirmisher (Demonspawn Chaos Knight)  Turns: 1921, Time: 00:11:56

Health: -1/37      AC:  8    Str: 14    XL:     4   Next: 75%
Magic:  4/4        EV: 12    Int: 13    God:    Xom [..*...]
Gold:   88         SH:  0    Dex: 12    Spells: 3/3 levels left

rFire    . . .     SeeInvis .   a - +1 mace (chaos)
rCold    + . .     Gourm    .   (no shield)
rNeg     . . .     Faith    .   h - +2 ring mail {rC+}
rPois    .         Spirit   .   (no helmet)
rElec    .         Reflect  .   m - +0 cloak
rCorr    .         Harm     .   (no gloves)
MR       .....                  (no boots)
Stlth    +.........             (no amulet)
HPRegen  0.12/turn              (no ring)
MPRegen  0.09/turn              (no ring)

@: no status effects
A: powered by pain 1, sturdy frame 1
a: Renounce Religion


You were on level 3 of the Dungeon.
You worshipped Xom.
You were a toy of Xom.
You were not hungry.

You visited 1 branch of the dungeon, and saw 3 of its levels.

You collected 88 gold pieces.

Inventory:

Hand Weapons
 a - a +1 mace of chaos (weapon)
Missiles
 g - 2 tomahawks (quivered)
 j - 74 stones
Armour
 b - a +2 leather armour
 h - a +2 ring mail of cold resistance (worn)
 m - a +0 cloak (worn)
Wands
 l - a wand of polymorph (3)
Scrolls
 e - 3 scrolls of teleportation
 k - a scroll of magic mapping
Potions
 d - a potion of berserk rage
Comestibles
 c - 5 rations
 i - 8 chunks of flesh


   Skills:
 * Level 4.0 Fighting
 + Level 2.8 Maces & Flails
 * Level 2.9 Armour
 * Level 2.4 Dodging


You had 3 spell levels left.
You didn't know any spells.
Your spell library was empty.

Dungeon Overview and Level Annotations

Branches:
Dungeon (3/15)

Altars:
Cheibriados
Sif Muna


Innate Abilities, Weirdness & Mutations

You sometimes gain a little power by taking damage.
Your movements are slightly less encumbered by armour. (ER -2)


Message History

The wolf bites you. Something hits you but does no damage.
You barely miss the wolf. The wolf closely misses you.
The wolf barely misses you. Something hits you but does no damage.
The wolf misses you.
You completely miss the wolf. Xom grants you insight.
You feel aware of your surroundings. The wolf barely misses you.
The wolf bites you!
* * * LOW HITPOINT WARNING * * *
You feel better. The wolf bites you.
* * * LOW HITPOINT WARNING * * *
The wolf barely misses you.
Okay, then.
The wolf bites you but does no damage.
You miss the wolf. The wolf barely misses you. The wolf bites you.
* * * LOW HITPOINT WARNING * * *
You closely miss the wolf. The wolf closely misses you. The wolf misses you.
You miss the wolf. The wolf bites you!
You die...
Xom is highly amused!

≈≈###+### #............
.≈......# ###.......#####
.≈......# #...######.....
.≈......# * #...# ####.####
.≈......., +...# #......#
o≈......#** #...# #...)..##
≈≈......#####...# #........
#.....)..h.##...####...##.#
..###.####@##...').')..'..#
* #,##........####)..#... *
#....#.#'#.....#.#... *
#..>.#.#.#.###.#.# .. *
,#....#.#.#.# #.#.. ..
,######.#.#.# #.###. . ,,,,
#.#.#.#*#.# .#. * * ..#.#..
..# # * * ###.#, ...


You could see a wolf.

Vanquished Creatures
  Jessica (D:2)
  2 adders (D:2)
  An ooze (D:2)
  A worm (D:2)
  4 dart slugs
  3 leopard geckos
  6 orcs (D:3)
  A giant cockroach (D:2)
  5 goblins
  7 hobgoblins
  A quokka (D:2)
  A ball python (D:2)
  12 bats
  3 frilled lizards (D:1)
  2 kobolds (D:2)
  4 rats
  2 plants (D:2)
56 creatures vanquished.

Notes
Turn   | Place    | Note
-------+----------+-------------------------------------------
     0 | D:1      | Krakonus1 the Demonspawn Chaos Knight began the quest for the Orb.
     0 | D:1      | Reached XP level 1. HP: 18/18 MP: 1/1
    20 | D:1      | Reached skill level 1 in Dodging
   175 | D:1      | Gained mutation: You sometimes gain a little power by taking damage. [demonic ancestry]
   175 | D:1      | Reached XP level 2. HP: 10/24 MP: 2/2
   581 | D:1      | XOM: mild Chrm miscast
   593 | D:1      | XOM: harmless Air miscast
   641 | D:1      | Reached XP level 3. HP: 29/29 MP: 3/3
  1045 | D:2      | Krakonus1: invisible plants
  1222 | D:2      | XOM: silly message
  1266 | D:2      | XOM: harmless Ice miscast
  1295 | D:2      | XOM: harmless Erth miscast
  1366 | D:2      | XOM: divination: detect creatures
  1370 | D:2      | Gained mutation: Your movements are slightly less encumbered by armour. (ER -2) [demonic ancestry]
  1370 | D:2      | Reached XP level 4. HP: 37/37 MP: 4/4
  1557 | D:2      | Noticed Jessica
  1563 | D:2      | Killed Jessica
  1567 | D:2      | Found a snail-covered altar of Cheibriados.
  1672 | D:2      | Found a deep blue altar of Sif Muna.
  1846 | D:3      | XOM: cast spell 'Summon Butterflies'
  1881 | D:3      | Reached skill level 4 in Fighting
  1911 | D:3      | Noticed a wolf
  1911 | D:3      | an ooze changed into a wolf
  1916 | D:3      | XOM: divination: magic mapping
  1921 | D:3      | Slain by a wolf

Vault maps used:
D:1:      dpeg_arrival_arbitrary_c
D:2:      lemuel_doored_altar, lemuel_round_altar, serial_bayou_lagoon_a,
          uniq_jessica
D:3:      old_standard_altar, lemuel_round_altar, first_ration,
          nicolae_gozag_zags_fifth_avenue

Skill      XL: |  1  2  3  4 |
---------------+-------------+-----
Dodging        | 1 2 |  2.4
Armour         | 2 |  2.9
Fighting       | 4 |  4.0
Maces & Flails | |  2.8

Action                   |  1- 3 |  4- 6 || total
-------------------------+-------+-------++-------
Melee: Mace              |   230 |    61 ||   291
Evoke: Wand              |       |     4 ||     4
  Use: Potion            |     5 |     1 ||     6
       Scroll            |     5 |       ||     5
 Stab: Sleeping          |     2 |       ||     2
       Confused          |       |     1 ||     1
  Eat: Chunk             |     2 |     2 ||     4
Armor: Leather armour    |    33 |       ||    33
       Ring mail         |    22 |    24 ||    46
Dodge: Dodged            |    84 |    45 ||   129

Table legend:
 A = Spawn XP
 B = Non-spawn XP
 C = Spawn XP percentage of total XP
 D = Spawn monster count
 E = Non-spawn monster count
 F = Spawn count percentage of total count
 G = Total turns spent on level
                    A         B        C        D         E        F      G
               +---------+---------+-------+---------+---------+-------+---------
         Total |       0 |     172 |   0.0 |       0 |      54 |   0.0 |  1921
               +---------+---------+-------+---------+---------+-------+---------
           D:1 |       0 |      43 |   0.0 |       0 |      23 |   0.0 |   887
           D:2 |       0 |     100 |   0.0 |       0 |      19 |   0.0 |   868
           D:3 |       0 |      29 |   0.0 |       0 |      12 |   0.0 |   166
               +---------+---------+-------+---------+---------+-------+---------
